 Dungeon Crawl Stone Soup version 0.24.0-29-g8ce449bc06 (webtiles) character file.

Game seed: 8396759098640402331, levelgen mode: deterministic

576 Curus the Cleaver (level 7, -2/85 HPs)
             Began as a Yellow Draconian Berserker on Nov 14, 2019.
             Was a Believer of Trog.
             Slain by Duvessa
             ... wielding a +0 rapier
              (9 damage)
             ... on level 4 of the Dungeon.
             The game lasted 00:16:37 (2039 turns).

Curus the Cleaver (Yellow Draconian Berserker)      Turns: 2039, Time: 00:16:38

Health: -2/85      AC:  6    Str: 25    XL:     7   Next: 12%
Magic:  7/7        EV: 13    Int:  7    God:    Trog [**....]
Gold:   144        SH:  0    Dex: 12    Spells: 6/6 levels left

rFire    + . .     SeeInvis .   j - +0 war axe
rCold    . . .     Gourm    .   (no shield)
rNeg     . . .     Faith    .   (armour unavailable)
rPois    +         Spirit   .   (helmet restricted)
rElec    .         Reflect  .   (no cloak)
rCorr    +         Harm     .   (no gloves)
MR       ++...                  (no boots)
Stlth    ..........             (no amulet)
HPRegen  1.24/turn              c - ring of poison resistance
MPRegen  0.10/turn              i - ring of protection from fire

@: berserking, regenerating, very quick
A: spit acid, unfitting armour, cold-blooded, acid resistance, AC +6
a: Breathe Acid, Berserk, Trog's Hand, Renounce Religion


You were on level 4 of the Dungeon.
You worshipped Trog.
Trog was pleased with you.
You were hungry.

You visited 1 branch of the dungeon, and saw 4 of its levels.

You collected 144 gold pieces.

Inventory:

Hand Weapons
 a - a +0 hand axe
 j - a +0 war axe (weapon)
Jewellery
 c - a ring of poison resistance (left hand)
 f - an uncursed amulet of rage
 i - a ring of protection from fire (right hand)
Scrolls
 d - 5 scrolls of identify
 g - 2 scrolls of remove curse
 h - a scroll of teleportation
Potions
 e - a potion of curing
 l - 2 potions of might
Comestibles
 b - 5 rations


   Skills:
 - Level 3.2 Fighting
 + Level 8.3 Axes
 - Level 2.6 Dodging


You had 6 spell levels left.
You didn't know any spells.
Your spell library was empty.

Dungeon Overview and Level Annotations

Branches:
Dungeon (4/15)
 Temple: D:4-7

Altars:
Elyvilon
Trog

Annotations:
D:4 Dowan, Duvessa


Innate Abilities, Weirdness & Mutations

You can spit globs of acid.
Your golden yellow scales are hard. (AC +6)
You cannot fit into any form of body armour.
You are cold-blooded and may be slowed by cold attacks.
You are resistant to acid. (rCorr)


Message History

* * * LOW HITPOINT WARNING * * *
You slash Duvessa!
Duvessa is almost dead.
Dowan says, "Stay away from my face!"
Duvessa hits you with a +0 rapier!
* * * LOW HITPOINT WARNING * * *
Okay, then.
Unknown command.
Your skin crawls.
You feel resistant to hostile enchantments.
You feel quite a bit more hungry.
Trog will no longer gift you ammunition.
Duvessa misses you.
A red film seems to cover your vision as you go berserk!
You feel yourself moving faster!
You feel mighty!
You are feeling hungry.
You hit Duvessa but do no damage. You tail-slap Duvessa.
Duvessa is almost dead.
Duvessa hits you with a +0 rapier!
You die...

..###... #.......#
#.......# #......#
#...#..# # #......###
... ##.......########
###..###.......)[.......
.....ee@.#.##.#)########
###..#####.##.#.#
#............#.#
#.##########.# #.#
##.##### #......#
##.###.# ### #.#


You could see Duvessa and Dowan.

Vanquished Creatures
  Grinder (D:4)
  Sigmund (D:3)
  An orc wizard (D:4)
  3 worker ants (D:4)
  6 adders
  An ooze (D:4)
  A worm (D:2)
  2 leopard geckos
  12 orcs
  A ball python (D:3)
  6 giant cockroaches
  2 hobgoblins (D:3)
  7 jackals (D:3)
  7 kobolds
  6 bats
  3 frilled lizards
  4 goblins
  8 rats
72 creatures vanquished.

Notes
Turn   | Place    | Note
-------+----------+-------------------------------------------
     0 | D:1      | Curus the Draconian Berserker began the quest for the Orb.
     0 | D:1      | Reached XP level 1. HP: 19/19 MP: 1/1
   419 | D:1      | Reached XP level 2. HP: 24/26 MP: 2/2
   641 | D:2      | Reached skill level 4 in Axes
   702 | D:2      | Found a white marble altar of Elyvilon.
   721 | D:2      | Reached XP level 3. HP: 22/31 MP: 3/3
   985 | D:2      | Found a bloodstained altar of Trog.
  1185 | D:3      | Reached ** piety under Trog
  1234 | D:3      | Reached skill level 5 in Axes
  1234 | D:3      | Reached XP level 4. HP: 36/38 MP: 4/4
  1289 | D:3      | Noticed Sigmund
  1302 | D:3      | Killed Sigmund
  1302 | D:3      | Reached skill level 6 in Axes
  1302 | D:3      | Reached XP level 5. HP: 45/45 MP: 5/5
  1651 | D:3      | Reached XP level 6. HP: 43/51 MP: 6/6
  1897 | D:4      | Noticed Grinder
  1915 | D:4      | Killed Grinder
  1915 | D:4      | Reached skill level 7 in Axes
  1979 | D:4      | Reached skill level 8 in Axes
  1979 | D:4      | Your scales start taking on a golden yellow colour.
  1979 | D:4      | Reached XP level 7. HP: 30/57 MP: 7/7
  1979 | D:4      | Gained mutation: You are resistant to acid. (rCorr) [Yellow
                  | Draconian growth]
  2023 | D:4      | Noticed Duvessa
  2023 | D:4      | Noticed Dowan
  2027 | D:4      | Reached *** piety under Trog
  2036 | D:4      | HP: 2/57 [Duvessa/+0 rapier (10)]
  2039 | D:4      | Slain by Duvessa

Levels and vault maps discovered:
D:1:      dpeg_arrival_arbitrary_c, layout_basic
D:2:      layout_loops_cross, lightli_temple_of_fire, elyvilon_altar_3,
          first_ration, grunt_decor_cap
D:3:      layout_rooms, kennysheep_crisscross, uniq_sigmund
D:4:      layout_loops_ring, led_sif_pool, uniq_duvessa, uniq_grinder

Skill      XL: |  1  2  3  4  5  6 |
---------------+-------------------+-----
Axes           | 4 5 6 8 |  8.3
Fighting       | |  3.2
Dodging        | |  2.6

Action                   |  1- 3 |  4- 6 |  7- 9 || total
-------------------------+-------+-------+-------++-------
Melee: Hand axe          |    80 |    18 |       ||    98
       Tailslap          |     1 |    13 |     3 ||    17
       War axe           |       |    88 |    20 ||   108
Invok: Berserk           |       |     2 |     1 ||     3
       Trog's Hand       |       |     2 |     1 ||     3
  Use: Potion            |     8 |     1 |       ||     9
       Scroll            |     6 |     1 |       ||     7
 Stab: Sleeping          |     1 |       |       ||     1
  Eat: Chunk             |     1 |     3 |       ||     4
       Ration            |       |     1 |       ||     1
Armor: Skin              |    16 |    32 |     6 ||    54
Dodge: Dodged            |    50 |    66 |     9 ||   125
